 Dungeon Crawl Stone Soup version 0.27-a0-385-g3208abaabc (webtiles) character file.

Game seed: 6649858236295836226

35 tilp the Sneak (level 3, 0/23 HPs)
             Began as an Octopode Transmuter on Feb 18, 2021.
             Succumbed to an adder's poison
             ... on level 2 of the Dungeon.
             The game lasted 00:02:25 (1443 turns).

tilp the Sneak (Octopode Transmuter)                Turns: 1443, Time: 00:02:25

Health: 0/23       AC:  1    Str:  9    XL:     3   Next: 35%
Magic:  5/6        EV: 13    Int: 16    God:
Gold:   73         SH:  0    Dex: 12    Spells: 3/6 levels left

rFire    . . .     SeeInvis .     - Unarmed
rCold    . . .     Faith    .   (no shield)
rNeg     . . .     Spirit   .   (helmet restricted)
rPois    .         Reflect  .   (no amulet)
rElec    .         Harm     .   (no ring)
rCorr    .         Rampage  .   (no ring)
Will     .....                  (no ring)
Stlth    +++.......             (no ring)
HPRegen  0.07/turn              (no ring)
MPRegen  0.10/turn              (no ring)
                                (no ring)
                                (no ring)

@: lethally poisoned (0 -> -11), wereblooded (expiring)
A: almost no armour, stealthy swim, amphibious, 8 rings, constrict 8, camouflage
1, gelatinous body 1
a: no special abilities


You were on level 2 of the Dungeon.
You visited 1 branch of the dungeon, and saw 3 of its levels.

You collected 73 gold pieces.

Inventory:

Missiles
 d - 65 stones
Scrolls
 b - a scroll of random uselessness {unknown}
 c - a scroll of teleportation {unknown}
 f - a scroll of identify
Potions
 a - 2 potions of brilliance
 e - a potion of attraction


   Skills:
 + Level 1.4 Fighting
 - Level 2.0 Dodging
 - Level 4.0 Stealth
 - Level 3.0 Unarmed Combat
 - Level 2.0 Spellcasting
 - Level 2.0 Transmutations


You had 3 spell levels left.
You knew the following spells:

 Your Spells              Type           Power        Failure   Level
a - Beastly Appendage     Tmut           16%          9%          1
b - Wereblood             Tmut           8%           14%         2

Your spell library contained the following spells:

 Spells                   Type           Power        Failure   Level
 Spider Form              Tmut/Pois      2%           38%         3
 Ice Form                 Ice/Tmut       4%           80%         4
 Blade Hands              Tmut           4%           94%         5


Dungeon Overview and Level Annotations

Branches:
Dungeon (3/15)

Altars:

Annotations:
D:3 Ijyb


Innate Abilities, Weirdness & Mutations

You cannot wear most types of armour.
You are very stealthy in the water. (Stealth+)
You are amphibious.
You can wear up to eight rings at the same time.
You can use your tentacles to constrict eight enemies at once.
Your skin changes colour to match your surroundings (Stealth+).
Your rubbery body absorbs attacks. (AC +1, EV +1)


Message History

You tentacle-slap the worm. You squeeze the worm.
You kill the worm!
You closely miss the quokka. You grab the quokka.
You constrict the quokka, but do no damage.
The quokka misses you. The quokka bites you.
* * * LOW HITPOINT WARNING * * *
You tentacle-slap the quokka.
The quokka is severely wounded.
Your tentacle spike disappears.
You constrict the quokka.
The frilled lizard bites you but does no damage.
The quokka closely misses you.
You closely miss the frilled lizard. Your grab misses the frilled lizard.
You constrict the quokka.
You kill the quokka!
The frilled lizard barely misses you.
You tentacle-slap the frilled lizard.
You kill the frilled lizard!
You hear an angry hiss.
An adder comes into view.
You see here a frilled lizard corpse.
The adder bites you.
* * * LOW HITPOINT WARNING * * *
You are lethally poisoned!
The adder poisons you!
You closely miss the adder. Your grab misses the adder.
* * * LOW HITPOINT WARNING * * *
You feel sick. The adder barely misses you.
Unknown command.
Okay, then.
You tentacle-slap the adder. Your grab misses the adder.
The adder is lightly wounded.
Your primal bloodlust is almost over.
The adder bites you.
* * * LOW HITPOINT WARNING * * *
You are more poisoned.
The adder poisons you!
You miss the adder. Your grab misses the adder.
The adder is lightly wounded.
You die...

# #. ######
####.###....
#..........#
#..........####
#.............
#........S.#
........@..#
#......†...#
#####.#.#.##
#......#
#.#.#.##
#......#
###.#.## ..
#..>..# ###.##
##.#.##


You could see an adder.

Vanquished Creatures
  A worm (D:2)
  A dart slug (D:2)
  3 giant cockroaches
  3 goblins (D:1)
  2 hobgoblins (D:1)
  6 kobolds
  A quokka (D:2)
  7 bats (D:1)
  A frilled lizard (D:2)
  4 rats
29 creatures vanquished.

Notes
Turn   | Place    | Note
-------+----------+-------------------------------------------
     0 | D:1      | tilp the Octopode Transmuter began the quest for the Orb.
     0 | D:1      | Reached XP level 1. HP: 13/13 MP: 3/3
    52 | D:1      | Reached skill level 1 in Stealth
   131 | D:1      | Reached skill level 2 in Stealth
   136 | D:1      | Reached XP level 2. HP: 4/18 MP: 5/5
   361 | D:1      | Learned a level 2 spell: Wereblood
   518 | D:1      | Reached skill level 3 in Stealth
  1091 | D:2      | Reached XP level 3. HP: 21/23 MP: 6/6
  1094 | D:2      | You fall into a shaft and drop 1 floor!
  1165 | D:3      | Noticed Ijyb
  1313 | D:3      | Reached skill level 4 in Stealth
  1442 | D:2      | HP: 1/23 [adder (2)]
  1443 | D:2      | Succumbed to an adder's poison

Illustrated notes

Levels and vault maps discovered:
D:1:      psy_arrival_dodecagon, layout_rooms, serial_park_tiny_pond
D:2:      minmay_alternating_diamond, layout_basic, serial_glass,
          glass_columns_b, glass_columns_a, glass_columns_b, glass_columns_a,
          glass_columns_b, glass_columns_a, glass_columns_b, glass_columns_a,
          glass_columns_a, glass_columns_a, st_stairs_13
D:3:      layout_basic, kennysheep_generic_room_6, uniq_ijyb,
          uniq_crazy_yiuf_cottage, uniq_natasha, uniq_sigmund

Skill      XL: |  1  2  3 |
---------------+----------+-----
Stealth        | 2 3 4 |  4.0
Fighting       | |  1.4
Dodging        | |  2.0
Unarmed Combat | |  3.0
Spellcasting   | |  2.0
Transmutations | |  2.0

Action                   || total
-------------------------++-------
Melee: Unarmed           ||    60
       Constrict         ||    21
       Kick              ||     8
       Tentacles         ||     8
       Punch             ||     1
 Cast: Beastly Appendage ||     8
       Wereblood         ||     1
  Use: Scroll            ||     2
 Stab: Sleeping          ||     8
Armor: Skin              ||     6
Dodge: Dodged            ||    24

Table legend: (Time is in decaauts)
 A = Elapsed time spent in this place.
 B = Non-inter-level travel time spent in this place.
 C = Inter-level travel time spent in this place.
 D = Time resting spent in this place.
 E = Time spent auto-exploring this place.
 F = Levels seen in this place.
 G = Mean time per level.
                   A        B        C        D        E       F      G
               +--------+--------+--------+--------+--------+-----+--------+
         Total |   1440 |   1412 |     28 |    317 |    651 |   3 |  480.0 |
       Dungeon |   1440 |   1412 |     28 |    317 |    651 |   3 |  480.0 |
               +--------+--------+--------+--------+--------+-----+--------+

Top non-repeatable levels by time:
     D:1: 1002 daAuts
     D:3: 327 daAuts
     D:2: 110 daAuts
